 Dungeon Crawl Stone Soup version 0.29.1 (webtiles) character file.

Game seed: 5846357856857966899

90344 xian the Bludgeoner (level 15, -7/120 (122) HPs)
             Began as a Demonspawn Air Elementalist on Sept 15, 2022.
             Was the Champion of Okawaru.
             Mangled by a sixfirhy (12 damage)
             ... summoned by an orc sorcerer
             ... on level 2 of the Orcish Mines.
             The game lasted 01:23:00 (26677 turns).

xian the Bludgeoner (Demonspawn Air Elementalist)  Turns: 26677, Time: 01:23:02

HP:   -7/120 (122)  AC: 27    Str: 12      XL:     15   Next: 51%
MP:   0/28          EV:  7    Int: 21 (23) God:    Okawaru [******]
Gold: 2555          SH: 11    Dex: 13      Spells: 13/29 levels left

rFire   . . .      SeeInvis +   v - +8 whip "Worm's Wrath" {drain, Fragile Fly rPois Will++}
rCold   . . .      Faith    .   H - +0 kite shield "Pashriz" {Harm Slay+6}
rNeg    . . .      Spirit   +   a - +0 chain mail of Past Mistakes {Fly Regen+ SInv}
rPois   +          Reflect  .   y - +1 helmet
rElec   .          Harm     +   u - scarf {repulsion}
rCorr   .          Rampage  +   (gloves unavailable)
Will    ++++.                   J - +2 pair of boots {rampage}
Stlth   ..........              (no amulet)
HPRegen 1.10/turn               A - +4 ring of protection
MPRegen 0.42/turn               I - +4 ring of protection

@: mighty, silenced, on berserk cooldown, flying, hasted and slowed, lightly
drained, repel missiles
A: rugged brown scales 2, spiny 1, magic shield, magic regeneration, demonic
willpower, demonic touch 3, clever 1, high MP 1
a: Renounce Religion


You were on level 2 of the Orcish Mines.
You worshipped Okawaru.
Okawaru was exalted by your worship.
You visited 4 branches of the dungeon, and saw 22 of its levels.
You also visited: Bailey and Volcano.

You collected 2555 gold pieces.

Inventory:

Hand Weapons
 v - the +8 whip "Worm's Wrath" (weapon) {drain, Fragile Fly rPois Will++}
   (You found it on level 4 of the Dungeon)

   A truly terrible weapon, it drains the life of any living foe it strikes.
   rPois:     It protects you from poison.
   Fly:       It grants you flight.
   Fragile:   It will be destroyed if unequipped.
   Will:      It greatly increases your willpower.
 K - the +6 shillelagh "Devastator" {shatter}
   (You found it in a bailey)

   It releases a powerful concussive burst when it strikes, dealing extra damage
   to the target and all other foes adjacent to them.
Armour
 a - the +0 chain mail of Past Mistakes (worn) {Fly Regen+ SInv}
   (Okawaru gifted it to you on level 2 of the Lair of Beasts)

   SInv:      It lets you see invisible.
   Fly:       It grants you flight.
   Regen:     It increases your rate of health regeneration.
 h - the +0 buckler of Discretion {rF+ SInv}
   (You acquired it on level 5 of the Dungeon)

   rF:        It protects you from fire.
   SInv:      It lets you see invisible.
 o - the +3 Mad Mage's Maulers {Infuse+∞ RegenMP Int-3}
   (You acquired it on level 3 of the Dungeon)

   It empowers its wearer's blows with all of their magic.
   It causes its wearer's magical reserves to regenerate more quickly.
   Int:       It affects your intelligence (-3).
 r - a +1 plate armour of positive energy
 t - a +2 robe of cold resistance
 u - a scarf of repulsion (worn)
 y - a +1 helmet (worn)
 H - the +0 kite shield "Pashriz" (worn) {Harm Slay+6}
   (Okawaru gifted it to you on level 3 of the Lair of Beasts)

   Slay:      It affects your accuracy & damage with ranged weapons and melee
   (+6).
   Harm:      It increases damage dealt and taken.
 J - a +2 pair of boots of rampaging (worn)
 M - the +1 pair of boots "Downaih" {-Cast +Blink rF+}
   (You found it in a volcano)

   rF:        It protects you from fire.
   +Blink:    It lets you blink.
   -Cast:     It prevents spellcasting.
Magical Staves
 e - a staff of cold
Jewellery
 A - a +4 ring of protection (left hand)
 G - a +6 ring of strength
 I - a +4 ring of protection (right hand)
 O - a ring of positive energy
Wands
 d - a wand of paralysis (14)
 B - a wand of digging (9)
Scrolls
 f - 5 scrolls of enchant weapon
 i - 2 scrolls of silence
 k - 9 scrolls of teleportation
 m - a scroll of fog
 q - 4 scrolls of amnesia
 z - a scroll of fear
 C - 3 scrolls of poison
 D - 5 scrolls of blinking
 N - 2 scrolls of enchant armour
Potions
 b - 2 potions of magic
 c - 3 potions of brilliance
 j - 7 potions of curing
 l - 5 potions of mutation
 n - 4 potions of invisibility {unknown}
 p - 5 potions of attraction {unknown}
 s - 2 potions of cancellation
 w - 2 potions of ambrosia
 x - a potion of resistance
 E - 2 potions of might
 F - 7 potions of lignification


   Skills:
 + Level 10.8 Fighting
 + Level 1.1 Short Blades
 * Level 15.7 Maces & Flails
 + Level 9.7 Armour
 + Level 8.1 Dodging
 + Level 4.8 Stealth
 + Level 9.2 Shields
 + Level 0.3 Unarmed Combat
 + Level 7.5 Spellcasting
 + Level 6.9 Conjurations
 + Level 7.8 Air Magic
 + Level 1.9 Invocations


You had 13 spell levels left.
You knew the following spells:

 Your Spells              Type           Power      Damage    Failure   Level
a - Shock                 Conj/Air       100%       1d9       21%         1
b - Static Discharge      Conj/Air       38%        3-8/arc   30%         2
c - Swiftness             Air            40%        N/A       43%         3
d - Airstrike             Air            20%        2d(3-19)  85%         4
e - Blink                 Tloc           14%        N/A       99%         2
f - Call Imp              Summ           7%         N/A       99%         2
g - Passwall              Tmut/Erth      5%         N/A       99%         2

Your spell library contained the following spells:

 Spells                   Type           Power      Damage    Failure   Level
 Magic Dart               Conj           100%       1d8       24%         1
 Searing Ray              Conj           72%        2d7       36%         2
 Foxfire                  Conj/Fire      88%        2x1d8     69%         1
 Mephitic Cloud           Conj/Pois/Air  28%        N/A       86%         3
 Conjure Flame            Conj/Fire      22%        6-21      96%         3
 Beastly Appendage        Tmut           14%        N/A       99%         1
 Sting                    Tmut/Pois      28%        1d4       99%         1
 Ensorcelled Hibernation  Hex/Ice        14%        N/A       99%         2
 Ignite Poison            Fire/Tmut/Pois 7%         N/A       100%        3
 Inner Flame              Hex/Fire       7%         N/A       100%        3
 Lesser Beckoning         Tloc           7%         N/A       100%        3
 Ozocubu's Armour         Ice            7%         N/A       100%        3
 Flame Wave               Conj/Fire      22%        2d8       100%        4
 Fulminant Prism          Conj/Hex       11%        3d9       100%        4
 Petrify                  Tmut/Erth      7%         N/A       100%        4
 Alistair's Intoxication  Tmut/Pois      4%         N/A       100%        5
 Blade Hands              Tmut           3%         N/A       100%        5
 Borgnjor's Vile Clutch   Necr/Erth      3%         N/A       100%        5
 Fireball                 Conj/Fire      11%        3d7       100%        5
 Freezing Cloud           Conj/Ice/Air   14%        6-21      100%        5
 Irradiate                Conj/Tmut      11%        3d15      100%        5
 Manifold Assault         Tloc           7%         N/A       100%        5
 Metabolic Englaciation   Hex/Ice        3%         N/A       100%        5
 Eringya's Noxious Bog    Tmut/Pois      3%         N/A       100%        6
 Starburst                Conj/Fire      11%        6d5       100%        6
 Statue Form              Tmut/Erth      4%         N/A       100%        6
 Dragon Form              Tmut           3%         N/A       100%        7
 Storm Form               Tmut/Air       12%        N/A       100%        7
 Ignition                 Fire           3%         3d4       100%        8
 Summon Ice Beast         Ice/Summ       Unusable   N/A       N/A         4
 Summon Mana Viper        Hex/Summ       Unusable   N/A       N/A         5
 Simulacrum               Ice/Necr       Unusable   N/A       N/A         6
 Monstrous Menagerie      Summ           Unusable   N/A       N/A         7

Dungeon Overview and Level Annotations

Branches:
Dungeon (14/15)            Temple (1/1) D:7            Lair (5/5) D:10
  Swamp (0/4) Lair:3        Snake (0/4) Lair:3        Slime (0/5) Lair:5
    Orc (2/2) D:9          Vaults (0/5) D:14         Bailey (visited)
Volcano (visited)
    Elf: Orc:2

Altars:
Ashenzari
Cheibriados
Dithmenos
Fedhas
Gozag
Hepliaklqana
Kikubaaqudgha
Makhleb
Nemelex Xobeh
Okawaru
Qazlal
Ru
Sif Muna
Trog
Uskayaw
Vehumet
Wu Jian
Xom
Yredelemnul
Jiyva

Shops:
D:9 (   Orc:2 [!


Innate Abilities, Weirdness & Mutations

You are mostly covered in rugged brown scales. (AC +2, +5% HP)
You are partially covered in sharp spines.
When hurt, damage is shared between your health and your magic reserves.
You regenerate magic rapidly.
You punish those that try to bend your will. (Will+)
Your touch may irresistibly damage your foes and sap their willpower.
Your mind is acute. (Int +4, Str/Dex -1)
You have an increased reservoir of magic. (+10% MP)


Message History

You are exhausted.
You feel yourself slow down.
Found Syla's Distillery.
You reach down and open the door.
An orc sorcerer, 4 orc wizards and 2 orcs come into view.
The orc sorcerer is wielding a +0 dagger and wearing a +1 robe of resistance.
An orc comes into view. It is wielding a +0 morningstar.
The orc sorcerer gestures wildly while chanting.
You block the orc warrior's attack. The orc sorcerer casts a spell at you.
The bolt of negative energy hits you.
You feel drained.
* * * LOW HITPOINT WARNING * * *
An orc comes into view. It is wielding a +0 dagger.
The orc warrior hits you but does no damage.
The orc is struck by your spines. The orc hits you but does no damage.
Found Xepiz's Armour Shoppe.
Magic scrolls do not work when you're silenced!
You whack the orc wizard! You drain the orc wizard.
You kill the orc wizard!
Okawaru accepts your kill.
The orc warrior hits you from afar with a +0 trident!
* * * LOW HITPOINT WARNING * * *
The orc wizard casts a spell.
The orc wizard flickers and vanishes for a moment.
The orc sorcerer gestures wildly while chanting.
An orc wizard comes into view. It is wielding a +0 dagger of draining.
The orc sorcerer casts a spell.
You feel yourself speed up.
The orc warrior hits you from afar with a +0 trident.
* * * LOW HITPOINT WARNING * * *
The orc wizard is struck by your spines.
The orc wizard barely misses you. You block the orc wizard's attack.
The orc barely misses you.
You feel better.
The orc warrior hits you but does no damage.
The orc hits you but does no damage. The sixfirhy is struck by your spines.
The sixfirhy hits you!
* * * LOW HITPOINT WARNING * * *
The sixfirhy shocks you!
You die... .....$.... ... ..........######..# ...........#∩...#..# ............#....#..# .............#oooo#..# .............# ooo ..###'# .............###3##o4o.o.. ...............o@ooooo8oo. .............###o##ooooo.. ........§..§.# .o. .hooo..

........§§§..#.o43#ho###.#
#............#∩...#..# #
......§§8§§..######..#
.......§.§§§..... ...
........§.§§..... ...
........)).......


You could see 2 rust devils, a sixfirhy (summoned), a smoke demon (summoned), 3
orc sorcerers, 4 orc warriors, 10 orc wizards and 11 orcs.

Vanquished Creatures
  Kirke (D:13)
  Roxanne (D:14)
  An orc warlord (Orc:2)
  Nessos (D:14)
  A stone giant (Orc:1)
  Azrael (D:13)
  An ettin (Orc:1)
  A fire dragon (Lair:5)
  Snorg (D:13)
  3 boulder beetles
  7 hydras
  A catoblepas (Lair:4)
  4 two-headed ogres
  3 centaur warriors
  2 dancing weapons (D:14)
  An orc high priest (Bailey)
  3 tengu warriors
  Lodul (D:14)
  A fire crab (Lair:3)
  3 bog bodies (Lair:3)
  2 orc knights
  A wizard (D:11)
  A lindwurm (Lair:5)
  2 deep elf pyromancers
  5 orc sorcerers
  4 salamanders (Volcano)
  15 ugly things (D:14)
  An oklob plant (Lair:2)
  A manticore (D:13)
  2 cyclopes (D:13)
  18 elephants
  2 molten gargoyles (Lair:5)
  9 black mambas
  4 gargoyles
  A cane toad (shapeshifter) (D:13)
  2 unseen horrors (D:12)
  14 cane toads
  2 rime drakes
  9 komodo dragons
  An efreet (D:12)
  2 tengu conjurers
  A kobold demonologist (D:14)
  7 trolls
  2 polar bears
  Grinder (D:6)
  2 hornets
  8 dream sheep (Lair:4)
  6 slime creatures
  20 blink frogs
  Sigmund (D:5)
  A centaur simulacrum (D:14)
  4 wraiths
  3 wyverns
  3 fire elementals (D:13)
  8 basilisks
  51 yaks
  3 hogs (D:13)
  A human (D:13)
  4 vampire mosquitoes (D:12)
  2 steam dragons (Lair:5)
  4 nagas (Lair:3)
  A swamp worm (Lair:3)
  4 wargs (Orc:2)
  7 water moccasins
  An acid dragon (D:14)
  Duvessa (D:6)
  An ice beast (D:5)
  6 hell hounds
  A black bear (Lair:4)
  25 orc warriors
  3 sky beasts
  12 ogres
  27 wolves
  2 centaurs
  5 kobold brigands
  2 phantoms
  The ghost of ChiefBigBeans the Digger, an amateur GrEE (D:3)
  11 bullfrogs
  5 gnoll sergeants
  2 scorpions
  20 wights
  Dowan (D:6)
  9 killer bees (D:9)
  3 vampire bats (Lair:5)
  11 electric eels
  5 lava snakes (Lair:5)
  A centaur zombie (D:3)
  A gnoll bouda (D:5)
  5 hounds
  11 orc priests
  A centaur skeleton (D:3)
  18 orc wizards
  A killer bee zombie (D:3)
  31 gnolls
  6 adders
  A white imp (D:8)
  An ufetubus (D:5)
  3 worms
  3 dart slugs
  68 orcs
  14 bats
  5 endoplasms
  6 giant cockroaches
  13 goblins
  13 hobgoblins
  11 jackals
  31 kobolds
  4 quokkas
  6 ball pythons
  3 frilled lizards
  7 rats
698 creatures vanquished.

Vanquished Creatures (others)
  A wyvern (Lair:3)
  An orc wizard (D:6)
  23 fungi
  70 plants
  5 toadstools (D:2)
100 creatures vanquished.

Grand Total: 798 creatures vanquished

Notes
Turn   | Place    | Note
-------+----------+-------------------------------------------
     0 | D:1      | xian the Demonspawn Air Elementalist began the quest for
                  | the Orb.
     0 | D:1      | Reached XP level 1. HP: 13/13 MP: 3/3
   522 | D:1      | Noticed an eye of devastation
   537 | D:1      | Gained mutation: You regenerate magic rapidly. [demonic
                  | ancestry]
   537 | D:1      | Reached XP level 2. HP: 20/20 MP: 0/5
   573 | D:1      | Noticed a golden eye
   591 | D:1      | Found a faded altar of an unknown god.
   683 | D:1      | Noticed a great orb of eyes
   686 | D:1      | Noticed a great orb of eyes
  1291 | D:1      | Reached XP level 3. HP: 25/25 MP: 4/6
  1472 | D:1      | Learned a level 2 spell: Static Discharge
  1905 | D:2      | Gained mutation: You are partially covered in rugged brown
                  | scales. (AC +1, +3% HP) [demonic ancestry]
  1905 | D:2      | Reached XP level 4. HP: 25/31 MP: 0/7
  2693 | D:3      | Identified a scroll of acquirement
  2694 | D:3      | Acquired the +3 Mad Mage's Maulers {Infuse+∞ RegenMP Int-3}
  2694 | D:3      | Found the +3 Mad Mage's Maulers {Infuse+∞ RegenMP Int-3}
  3001 | D:3      | Found a shimmering blue altar of Sif Muna.
  3151 | D:3      | Found a runed translucent gate.
  3151 | D:3      | Found a runed translucent gate.
  3152 | D:3      | Found a runed translucent gate.
  3155 | D:3      | Noticed ChiefBigBeans's ghost (amateur GrEE)
  3806 | D:4      | Gained mutation: You are mostly covered in rugged brown
                  | scales. (AC +2, +5% HP) [demonic ancestry]
  3806 | D:4      | Reached XP level 5. HP: 21/37 MP: 7/9
  4214 | D:4      | Noticed a phantom
  4239 | D:4      | Killed a phantom
  4246 | D:4      | Gained mutation: When hurt, damage is shared between your
                  | health and your magic reserves. [demonic ancestry]
  4246 | D:4      | Reached XP level 6. HP: 8/44 MP: 1/11
  4540 | D:4      | Identified the +8 whip "Worm's Wrath" {drain, Fragile Fly
                  | rPois Will++}
  4581 | D:4      | Reached skill level 1 in Fighting
  4895 | D:3      | Killed ChiefBigBeans's ghost
  4896 | D:3      | Reached skill level 1 in Short Blades
  5096 | D:5      | Entered Level 5 of the Dungeon
  5109 | D:5      | Reached XP level 7. HP: 45/50 MP: 0/13
  5290 | D:5      | Reached skill level 1 in Shields
  5300 | D:5      | Acquired the +0 buckler of Discretion {rF+ SInv}
  5481 | D:5      | Noticed Sigmund
  5487 | D:5      | Killed Sigmund
  5488 | D:5      | Reached skill level 1 in Maces & Flails
  5488 | D:5      | Reached skill level 5 in Air Magic
  5598 | D:5      | Reached XP level 8. HP: 37/56 MP: 1/15
  6253 | D:6      | Reached skill level 2 in Maces & Flails
  6253 | D:6      | Reached skill level 5 in Spellcasting
  6392 | D:6      | Found a sparkling altar of Nemelex Xobeh.
  6774 | D:6      | Found a blossoming altar of Fedhas.
  6780 | D:6      | Noticed Duvessa
  6780 | D:6      | Noticed Dowan
  6785 | D:6      | Killed Dowan
  6788 | D:6      | Killed Duvessa
  6958 | D:6      | Noticed Grinder
  6968 | D:6      | Killed Grinder
  6969 | D:6      | Reached skill level 3 in Maces & Flails
  7317 | D:6      | Gained mutation: Your touch may inflict minor irresistible
                  | damage on your foes. [demonic ancestry]
  7317 | D:6      | Reached XP level 9. HP: 58/65 MP: 1/17
  7689 | D:6      | Learned a level 3 spell: Swiftness
  7694 | D:6      | Learned a level 4 spell: Airstrike
  7697 | D:6      | Learned a level 2 spell: Blink
  7700 | D:6      | Learned a level 2 spell: Call Imp
  8063 | D:7      | Reached skill level 5 in Conjurations
  8381 | D:7      | Found a staircase to the Ecumenical Temple.
  8413 | Temple   | Entered the Ecumenical Temple
  8471 | Temple   | Became a worshipper of Warmaster Okawaru
  8547 | D:7      | Found an ornate altar of the Wu Jian Council.
  8590 | D:7      | Reached skill level 4 in Maces & Flails
  8817 | D:7      | Noticed a +0 spear
  8817 | D:7      | Noticed a +0 falchion
  8817 | D:7      | Noticed a +0 dagger
  8818 | D:7      | Noticed a +0 short sword
  8818 | D:7      | Noticed a +0 falchion
  8819 | D:7      | Noticed a +0 spear
  8820 | D:7      | Noticed a +0 dagger
  8820 | D:7      | Noticed a +0 short sword
  8824 | D:7      | Found a hide-covered altar of Uskayaw.
  9317 | D:8      | Reached * piety under Okawaru
  9533 | D:8      | Found a flagged portal.
  9653 | Bailey   | Entered a bailey
  9702 | Bailey   | Reached skill level 5 in Maces & Flails
  9825 | Bailey   | Gained mutation: Your touch may inflict irresistible damage
                  | on your foes. [demonic ancestry]
  9825 | Bailey   | Reached XP level 10. HP: 51/73 MP: 1/19
 10013 | Bailey   | Reached ** piety under Okawaru
 10160 | Bailey   | Acquired a +2 pair of boots of rampaging
 10207 | Bailey   | Found an iron altar of Okawaru.
 10207 | Bailey   | Noticed an orc high priest
 10214 | Bailey   | Noticed a sixfirhy
 10214 | Bailey   | Noticed an orc sorcerer
 10215 | Bailey   | Noticed a soul eater
 10218 | Bailey   | Noticed an orc knight
 10232 | Bailey   | Killed an orc knight
 10298 | Bailey   | Killed an orc sorcerer
 10299 | Bailey   | Found the +6 shillelagh "Devastator" {shatter}
 10717 | Bailey   | Reached *** piety under Okawaru
 10864 | Bailey   | Identified the +5 falchion of the Median {vorpal, rF+
                  | Will+}
 10883 | Bailey   | Killed an orc high priest
 10884 | Bailey   | Reached skill level 6 in Maces & Flails
 11740 | D:8      | Reached skill level 5 in Dodging
 12054 | D:9      | Reached skill level 7 in Maces & Flails
 12861 | D:9      | Gained mutation: Your touch may irresistibly damage your
                  | foes and sap their willpower. [demonic ancestry]
 12861 | D:9      | Reached XP level 11. HP: 81/81 MP: 0/21
 12989 | D:9      | Found Limaplou's Weapon Shoppe.
 12990 | D:9      | Found a staircase to the Orcish Mines.
 13028 | D:9      | Reached **** piety under Okawaru
 13033 | D:9      | Reached skill level 8 in Maces & Flails
 13337 | D:10     | Entered Level 10 of the Dungeon
 13337 | D:10     | Noticed a two-headed ogre
 13345 | D:10     | Killed a two-headed ogre
 13589 | D:10     | Reached skill level 9 in Maces & Flails
 13833 | D:10     | Found a staircase to the Lair.
 13863 | D:10     | Reached ***** piety under Okawaru
 14342 | D:10     | Reached skill level 5 in Fighting
 14564 | D:10     | Noticed a two-headed ogre
 14580 | D:10     | Killed a two-headed ogre
 14580 | D:10     | Received a gift from Okawaru
 14581 | D:10     | Reached skill level 10 in Maces & Flails
 14758 | D:10     | Found an opulent altar of Gozag.
 15013 | D:10     | Identified the +3 quarterstaff of Pidam {drain, rCorr}
 15284 | Lair:1   | Entered Level 1 of the Lair of Beasts
 15462 | Lair:1   | Reached skill level 11 in Maces & Flails
 16172 | Lair:2   | Noticed a five-headed hydra
 16186 | Lair:2   | Killed a five-headed hydra
 16186 | Lair:2   | Identified the +0 chain mail of Past Mistakes {Fly Regen+
                  | SInv} (Okawaru gifted it to you on level 2 of the Lair of
                  | Beasts)
 16186 | Lair:2   | Received a gift from Okawaru
 16187 | Lair:2   | Reached skill level 12 in Maces & Flails
 16187 | Lair:2   | Reached XP level 12. HP: 43/90 MP: 3/23
 16862 | Lair:2   | Reached skill level 1 in Armour
 17043 | Lair:2   | Noticed a boulder beetle
 17070 | Lair:2   | Killed a boulder beetle
 17071 | Lair:2   | Reached skill level 13 in Maces & Flails
 17797 | Lair:3   | Found a staircase to the Snake Pit.
 17869 | Lair:3   | Identified the +0 kite shield "Pashriz" {Harm Slay+6}
                  | (Okawaru gifted it to you on level 3 of the Lair of Beasts)
 17869 | Lair:3   | Received a gift from Okawaru
 18569 | Lair:3   | Gained mutation: You are partially covered in sharp spines.
                  | [demonic ancestry]
 18569 | Lair:3   | Reached XP level 13. HP: 96/100 MP: 22/24
 18588 | Lair:3   | HP: 2/100 [bog body (19)]
 18779 | Lair:3   | Found a staircase to the Swamp.
 18789 | Lair:3   | Reached ****** piety under Okawaru
 18790 | Lair:3   | Reached skill level 5 in Armour
 19173 | Lair:4   | Reached skill level 14 in Maces & Flails
 19371 | Lair:4   | Identified the +1 chain mail of Zoaroah {rElec rPois rF-
                  | Dex+7} (Okawaru gifted it to you on level 4 of the Lair of
                  | Beasts)
 19371 | Lair:4   | Received a gift from Okawaru
 19665 | Lair:4   | Reached skill level 5 in Shields
 20265 | Lair:5   | Entered Level 5 of the Lair of Beasts
 20384 | Lair:5   | Found a viscous altar of Jiyva.
 20385 | Lair:5   | Found a staircase to the Slime Pits.
 20600 | Lair:5   | Received a gift from Okawaru
 20664 | Lair:5   | Reached XP level 14. HP: 98/111 MP: 21/25
 20706 | Lair:5   | Found a dark tunnel.
 20717 | Volcano  | Entered a volcano
 20744 | Volcano  | Identified the +1 pair of boots "Downaih" {-Cast +Blink
                  | rF+}
 20857 | Volcano  | Learned a level 2 spell: Passwall
 21455 | Lair:5   | Found a large runed translucent door.
 21455 | Lair:5   | Found a large runed translucent door.
 21977 | D:11     | Acquired 422 gold pieces
 22038 | D:11     | Reached skill level 1 in Invocations
 23648 | D:13     | Reached skill level 10 in Fighting
 23648 | D:13     | Reached skill level 15 in Maces & Flails
 23729 | D:13     | Noticed Snorg
 23735 | D:13     | Killed Snorg
 23777 | D:13     | Noticed Kirke
 24014 | D:13     | Identified the +2 chain mail "Duing" {Int+4 Dex+2 Stlth+}
                  | (Okawaru gifted it to you on level 13 of the Dungeon)
 24014 | D:13     | Received a gift from Okawaru
 24081 | D:13     | Killed Kirke
 24125 | D:13     | Noticed Azrael
 24147 | D:13     | Killed Azrael
 24475 | D:14     | Noticed Nessos
 24485 | D:14     | Killed Nessos
 24616 | D:14     | Gained mutation: You punish those that try to bend your
                  | will. (Will+) [demonic ancestry]
 24616 | D:14     | Reached XP level 15. HP: 91/120 MP: 23/26
 24647 | D:14     | Identified Roxanne's Teachings on Transformation
 24647 | D:14     | Noticed Roxanne
 24927 | D:14     | Noticed Lodul
 24950 | D:14     | Killed Lodul
 25090 | D:14     | Found a gate to the Vaults.
 25342 | D:14     | Received a gift from Okawaru
 25523 | D:14     | Killed Roxanne
 25682 | D:14     | Gained mutation: You have an increased reservoir of magic.
                  | (+10% MP) [potion of mutation]
 25682 | D:14     | Gained mutation: Your mind is acute. (Int +4, Str/Dex -1)
                  | [potion of mutation]
 25829 | Orc:1    | Entered Level 1 of the Orcish Mines
 25971 | Orc:2    | Entered Level 2 of the Orcish Mines
 26195 | Orc:1    | Found a transporter.
 26201 | Orc:1    | Found a transporter.
 26625 | Orc:2    | Noticed an orc warlord
 26660 | Orc:2    | Killed an orc warlord
 26673 | Orc:2    | Found Syla's Distillery.
 26674 | Orc:2    | Found Xepiz's Armour Shoppe.
 26675 | Orc:2    | HP: 4/120 [orc warrior/+0 trident[an orc warlord] (7)]
 26677 | Orc:2    | Mangled by a sixfirhy

Illustrated notes

Levels and vault maps discovered:
D:1:      co_arrival_square_in_a_square_in_a_square, layout_loops_cross,
          hellmonk_ecumenical_altar_watching_god
D:2:      minmay_wonky_spiral, layout_rooms, kennysheep_big_empty_room,
          minmay_gold_behind_fungi, st_stairs_7
D:3:      layout_loops_ring, tso_altar, mainiacjoe_overflow_tiny_flanked,
          gammafunk_ghost_necromancy, st_stairs_10,
          chequers_serial_rivers_large_b, kennysheep_cluttered_room,
          dreamdust_wishing_well, serial_park_tiny_1
D:4:      layout_rooms, serial_corexii_hall, corexii_hall_statues_x,
          corexii_hall_statues_l, minivault_24
D:5:      layout_rooms, minivault_25, hangedman_decor_diamond_cutter,
          roderic_roman_lattice, uniq_sigmund
D:6:      layout_loops_corners, old_standard_altar, amcnicky_altar_gilded,
          serial_rivers, chequers_serial_rivers_micro_b,
          chequers_serial_rivers_small_a, chequers_serial_rivers_large_a,
          chequers_serial_rivers_room_b, chequers_serial_rivers_room_b,
          chequers_serial_rivers_micro_e, uniq_grinder, uniq_duvessa
D:7:      layout_basic, nicolae_uskayaw_en_pointe,
          nicolae_wu_jian_immortal_techniques, minmay_temple_entry_trees,
          serial_bayou_ford_a
D:8:      layout_rooms, enter_bailey_5, serial_co_window_serial,
          co_window_corner_a, co_window_paths_a, co_window_paths_b,
          co_window_paths_b, co_window_paths_b, co_window_2corner,
          co_window_corner_b, co_window_broadway_b, glass_columns_a,
          glass_columns_a, minmay_fountain_box, nicolae_grassy_gnolls
D:9:      layout_stronghold, orc_david_3
D:10:     layout_long_grid, pdpol_temple_overflow_zin_treasury_gozag_greed,
          erik_lair_island
D:11:     layout_roguey
D:12:     layout_loops_cross
D:13:     layout_irregular_city, fungi_pond_lemuel, uniq_kirke, uniq_snorg,
          uniq_azrael
D:14:     layout_roguey, erik_vaults_1, corexii_corridor_pit, drop_trap,
          uniq_nessos, uniq_roxanne, uniq_lodul
Temple:   jpeg_temple_clearing
Lair:1:   layout_misc_corridors, grunt_megastairs_3, lemuel_fruit_fields
Lair:2:   layout_cave_pods, serial_bayou_lake_a
Lair:3:   layout_concentric_octagons, nicolae_swamp_entry_splash_gauntlet,
          minmay_snake_entry_guardpost_small, beast_lair_carwin_3
Lair:4:   layout_regular_city, gauntlet_entry_generic,
          chequers_serial_rivers_micro_b, grunt_megastairs_4, lemuel_fruit_tree
Lair:5:   cheibrodos_lair_end_hotspot, layout_long_grid, slime_entry_1,
          lightli_volcano_entry_magma_tube, serial_bayou_pond_c, roderic_batcave
Orc:1:    gammafunk_beogh_shrine, layout_caves, basic_altar, serial_shops,
          nicolae_diamond_shop
Orc:2:    st_orc_town, layout_diamond_mine, statue_in_the_mist_lemuel

Skill      XL: |  1  2  3  4  5  6  7  8  9 10 11 12 13 14 15 |
---------------+----------------------------------------------+-----
Dodging        | 2 3 4 5 6 7 8 |  8.1
Air Magic      | 3 4 5 6 7 |  7.8
Stealth        | 2 3 4 |  4.8
Spellcasting   | 3 4 5 6 7 |  7.5
Conjurations   | 2 3 4 5 6 |  6.9
Fighting       | 1 2 3 4 5 7 8 10 | 10.8
Short Blades   | 1 |  1.1
Shields        | 1 2 3 4 5 8 9 |  9.2
Maces & Flails | 1 3 5 7 12 13 14 15 | 15.7
Armour         | 4 7 8 9 |  9.7
Invocations    | 1 |  1.9
Unarmed Combat | |  0.3

Action                   |  1- 3 |  4- 6 |  7- 9 | 10-12 | 13-15 || total
-------------------------+-------+-------+-------+-------+-------++-------
Melee: Staff             |    23 |       |       |       |       ||    23
       Dagger            |     9 |    22 |       |       |       ||    31
       Whip              |       |    22 |   137 |   848 |  1142 ||  2149
       Touch             |       |       |       |    62 |       ||    62
       Punch             |       |       |       |     7 |       ||     7
       Unarmed           |       |       |       |       |     7 ||     7
 Cast: Shock             |    62 |   132 |   139 |    27 |     2 ||   362
       Static Discharge  |     2 |     9 |    16 |    25 |       ||    52
       Swiftness         |       |       |       |     2 |       ||     2
Invok: Heroism           |       |       |       |       |     7 ||     7
       Finesse           |       |       |       |       |     1 ||     1
  Use: Scroll            |       |     6 |     2 |    21 |    10 ||    39
       Potion            |       |     1 |       |     2 |     9 ||    12
 Stab: Sleeping          |       |       |       |     7 |       ||     7
Armor: Robe              |    15 |    43 |    27 |   261 |       ||   346
       Chain mail        |       |       |       |   161 |   708 ||   869
Dodge: Dodged            |    42 |    63 |    94 |   445 |   234 ||   878
       Repelled          |       |     1 |     1 |     8 |     6 ||    16
Block: Buckler           |    10 |    15 |    19 |   132 |       ||   176
       Kite shield       |       |       |       |    10 |   514 ||   524
